 Dungeon Crawl Stone Soup version 0.20-a0-1008-g0de3dc5 (webtiles) character file.

138 winWinterter the Slasher (level 5, -1/41 HPs)
             Began as a Demonspawn Gladiator on Apr 14, 2017.
             Killed by divine providence
             ... invoked by an orc priest
              (11 damage)
             ... on level 2 of the Dungeon.
             The game lasted 00:06:16 (2451 turns).

winWinterter the Slasher (Demonspawn Gladiator)     Turns: 2451, Time: 00:06:17

Health: -1/41      AC:  5    Str: 15      XL:     5   Next: 1%
Magic:  0/5        EV: 12    Int: 13 (14) God:
Gold:   140        SH:  0    Dex: 14 (15) Spells: 4/4 levels left

rFire    . . .     SeeInvis .   a - +0 long sword
rCold    . . .     Gourm    .   (no shield)
rNeg     . . .     Faith    .   b - +0 leather armour
rPois    .         Spirit   +   c - +0 helmet
rElec    .         Reflect  .   e - +0 cloak
rCorr    .         Harm     .   (no gloves)
MR       .....                  (no boots)
Stlth    +.........             (no amulet)
Regen    0.2/turn               (no ring)
MPRegen  0.1/turn               (no ring)

@: brilliant
A: claws 1, powered by death 2, magic shield
a: no special abilities


You were on level 2 of the Dungeon.
You were not hungry.

You visited 1 branch of the dungeon, and saw 3 of its levels.

You collected 140 gold pieces.

Inventory:

Hand Weapons
 a - a +0 long sword (weapon)
Missiles
 d - 2 throwing nets (quivered)
Armour
 b - a +0 leather armour (worn)
 c - a +0 helmet (worn)
 e - a +0 cloak (worn)
Scrolls
 g - a scroll of remove curse {unknown}
 i - a scroll of teleportation {unknown}
 k - a scroll of magic mapping {unknown}
 l - a scroll of immolation {unknown}
 m - 2 scrolls of identify {unknown}
 n - 2 scrolls of noise {unknown}
 q - a scroll of random uselessness {unknown}
 r - a scroll of enchant weapon {unknown}
Potions
 j - a potion of brilliance
 o - a potion of curing {unknown}
 s - a potion of flight {unknown}
 t - a potion of cancellation {unknown}
 u - a potion of might {unknown}
 v - a potion of lignification {unknown}
Comestibles
 f - 4 bread rations
 h - a meat ration
 p - a chunk of flesh


   Skills:
 * Level 3.0 Fighting
 * Level 4.5 Long Blades
 - Level 1.7 Throwing
 - Level 1.0 Armour
 - Level 2.6 Dodging
 - Level 0.2 Stealth


You had 4 spell levels left.
You didn't know any spells.

Dungeon Overview and Level Annotations

Branches:
Dungeon (3/15)

Altars:
Dithmenos
Gozag
Xom
Zin


Innate Abilities, Weirdness & Mutations

You have sharp fingernails.
You regenerate health from kills.
When hurt, damage is shared between your health and your magic reserves.


Message History

You hit the orc priest but do no damage.
The orc hits you. The orc barely misses you.
You riposte.
You hit the orc.
The orc is almost dead.
The orc priest calls down the wrath of Beogh upon you.
Pain shoots through your body!
* * * LOW HITPOINT WARNING * * *
The orc closely misses you.
You riposte.
You slash the orc!
You kill the orc!
Your Fighting skill increases to level 3!
You have reached level 5!
Your demonic ancestry asserts itself...
Your fingernails lengthen.
It was a potion of brilliance.
You feel clever all of a sudden. The orc closely misses you.
The orc priest miscasts a cantrip.
You hit the orc priest but do no damage.
The orc priest mumbles some strange prayers to Beogh against you.
Beogh smites you!
You die...

.####.###.#
#.# .# #.#
#.# #.#
.####.# #.#
#.# ......#
#.# #.####
#####.#
#.###....#
#.#
#........#
#####.#
#######..#
......#
#o.#
#####.#
#.@# #.#
#o.# #.#
#..# #.##
###..# #..#
#....# ##.#
#.##.# #.#
#.##.# #.#
#g##.# ##
#.# #g##.#


You could see an orc priest and an orc.

Vanquished Creatures
  5 gnolls
  4 adders
  An ooze (D:3)
  A worm (D:2)
  A dart slug (D:1)
  A leopard gecko (D:3)
  An orc (D:2)
  A giant cockroach (D:2)
  4 goblins
  4 hobgoblins
  A quokka (D:2)
  10 bats
  3 frilled lizards
  8 kobolds
  3 rats
48 creatures vanquished.

Notes
Turn   | Place    | Note
-------+----------+-------------------------------------------
     0 | D:1      | winWinterter the Demonspawn Gladiator began the quest for the Orb.
     0 | D:1      | Reached XP level 1. HP: 16/16 MP: 1/1
   112 | D:1      | Reached skill level 3 in Long Blades
   215 | D:1      | Gained mutation: You regenerate a little health from kills. [demonic ancestry]
   215 | D:1      | Reached XP level 2. HP: 16/22 MP: 2/2
   333 | D:1      | You fall through a shaft!
   829 | D:2      | Found a shadowy altar of Dithmenos.
   946 | D:2      | Gained mutation: You regenerate health from kills. [demonic ancestry]
   946 | D:2      | Reached XP level 3. HP: 25/27 MP: 3/3
   958 | D:2      | Reached skill level 4 in Long Blades
  1127 | D:2      | Gained mutation: When hurt, damage is shared between your health and your magic reserves. [demonic ancestry]
  1127 | D:2      | Reached XP level 4. HP: 25/34 MP: 4/4
  1509 | D:2      | Reached skill level 1 in Armour
  2386 | D:3      | Noticed an angel
  2386 | D:3      | Found a glowing silver altar of Zin.
  2386 | D:3      | Found a shimmering altar of Xom.
  2401 | D:3      | Found an opulent altar of Gozag.
  2449 | D:2      | Gained mutation: You have sharp fingernails. [demonic ancestry]
  2449 | D:2      | Reached XP level 5. HP: 8/41 MP: 0/5
  2451 | D:2      | Killed from afar by an orc priest

Vault maps used:
D:1:      minmay_arrival_stone_box, bh_walls_and_bars
D:2:      lemuel_coloured_pillars_altar, first_bread
D:3:      grunt_temple_overflow_lords_of_destruction,
          grunt_temple_overflow_order_and_chaos_1, nicolae_gozag_seed_capital

Skill      XL: |  1  2  3  4 |
---------------+-------------+-----
Long Blades    | 3 4 |  4.5
Armour         | 1 |  1.0
Fighting       | 3 |  3.0
Throwing       | |  1.7
Dodging        | |  2.6
Stealth        | |  0.2

Action                   |  1- 3 |  4- 6 || total
-------------------------+-------+-------++-------
Melee: Long sword        |    68 |   112 ||   180
Throw: Throwing net      |       |     1 ||     1
  Use: Potion            |     2 |     1 ||     3
 Stab: Sleeping          |     1 |     1 ||     2
  Eat: Chunk             |     1 |     2 ||     3
       Royal jelly       |       |     1 ||     1
Armor: Leather armour    |    16 |    37 ||    53
Dodge: Dodged            |    42 |    81 ||   123
       Rpst.: Long sword |    16 |    30 ||    46
